 Dungeon Crawl Stone Soup version 0.27.0-66-gdc8fb28755 (webtiles) character file.

Game seed: 16737900803031278624

16 Ishikawa the Magician (level 2, 0/20 HPs)
             Began as a Gnoll Hedge Wizard on Aug 20, 2021.
             Slain by a hobgoblin (5 damage)
             ... on level 1 of the Dungeon.
             The game lasted 00:02:51 (433 turns).

Ishikawa the Magician (Gnoll Hedge Wizard)           Turns: 433, Time: 00:02:52

Health: 0/20       AC:  2    Str:  9    XL:     2   Next: 58%
Magic:  2/10       EV: 13    Int: 13    God:
Gold:   53         SH:  0    Dex: 11    Spells: 10/15 levels left

rFire    . . .     SeeInvis .   f - staff of poison
rCold    . . .     Faith    .   (no shield)
rNeg     . . .     Spirit   .   b - +0 robe
rPois    +         Reflect  .   c - +0 hat
rElec    .         Harm     .   (no cloak)
rCorr    .         Rampage  .   (no gloves)
Will     .....                  (no boots)
Stlth    ++........             (no amulet)
HPRegen  0.06/turn              (no ring)
MPRegen  0.12/turn              (no ring)

@: no status effects
A: fangs 1, strong nose, distributed training
a: no special abilities


You were on level 1 of the Dungeon.
You visited 1 branch of the dungeon, and saw 1 of its levels.

You collected 53 gold pieces.

Inventory:

Hand Weapons
 a - a +0 dagger
Armour
 b - a +0 robe (worn)
 c - a +0 hat (worn)
Magical Staves
 f - a staff of poison (weapon)
Scrolls
 d - a scroll of magic mapping {unknown}
 e - a scroll of vulnerability {unknown}


   Skills:
 + Level 0.4 Fighting
 + Level 0.4 Short Blades
 + Level 0.4 Long Blades
 + Level 0.4 Axes
 + Level 0.4 Maces & Flails
 + Level 0.4 Polearms
 + Level 0.4 Staves
 + Level 0.4 Slings
 + Level 0.4 Bows
 + Level 0.4 Crossbows
 + Level 0.4 Throwing
 + Level 0.4 Armour
 + Level 4.5 Dodging
 + Level 4.1 Stealth
 + Level 0.4 Shields
 + Level 0.4 Unarmed Combat
 + Level 7.1 Spellcasting
 + Level 2.0 Conjurations
 + Level 0.2 Hexes
 + Level 2.0 Summonings
 + Level 0.2 Necromancy
 + Level 2.0 Translocations
 + Level 0.2 Transmutations
 + Level 0.2 Fire Magic
 + Level 0.2 Ice Magic
 + Level 0.2 Air Magic
 + Level 0.2 Earth Magic
 + Level 0.2 Poison Magic
 + Level 0.5 Invocations
 + Level 0.4 Evocations


You had 10 spell levels left.
You knew the following spells:

 Your Spells              Type           Power      Damage    Failure   Level
a - Magic Dart            Conj           36%        1d4       6%          1
b - Call Imp              Summ           9%         N/A       10%         2
c - Blink                 Tloc           N/A        N/A       10%         2

Your spell library contained the following spells:

 Spells                   Type           Power      Damage    Failure   Level
 Slow                     Hex            5%         N/A       21%         2
 Conjure Flame            Conj/Fire      7%         6-21      28%         3
 Mephitic Cloud           Conj/Pois/Air  10%        N/A       32%         3


Dungeon Overview and Level Annotations

Branches:
Dungeon (1/15)

Altars:


Innate Abilities, Weirdness & Mutations

You have very sharp teeth.
Your uncanny sense of smell can sniff out nearby items.
Your experience applies equally to all skills.


Message History

You barely miss the hobgoblin.
The hobgoblin is lightly wounded.
Your crimson imp disappears in a puff of smoke!
The hobgoblin hits you.
Things that are here:
a +0 club; a goblin corpse
Casting: Call Imp (safe; 10% risk of failure)
Confirm with . or Enter, or press ? or * to list all spells.
A beastly little devil appears in a puff of flame.
The hobgoblin barely misses you.
You swap places.
The hobgoblin hits your crimson imp.
Your crimson imp blinks!
You hit the hobgoblin.
The hobgoblin is heavily wounded.
The hobgoblin hits you.
Your crimson imp barely misses the hobgoblin.
The hobgoblin barely misses you.
You hit the hobgoblin but do no damage.
The hobgoblin is heavily wounded.
The hobgoblin hits you.
* * * LOW HITPOINT WARNING * * *
Your crimson imp misses the hobgoblin.
You hit the hobgoblin.
You bite the hobgoblin, but do no damage.
The hobgoblin is heavily wounded.
The hobgoblin misses you.
Your crimson imp hits the hobgoblin but does no damage.
You hit the hobgoblin but do no damage.
The hobgoblin is heavily wounded.
The hobgoblin hits you.
* * * LOW HITPOINT WARNING * * *
Your crimson imp hits the hobgoblin.
You hit the hobgoblin but do no damage.
The hobgoblin is severely wounded.
The hobgoblin misses you.
Your crimson imp blinks!
You hit the hobgoblin but do no damage.
The hobgoblin is severely wounded.
The hobgoblin hits you.
You die...

#............#
###....#######
#....#
#....###
#......##
##)###..# #§#
##.## #g##
#..# #.@# ##.#
####+####.#
#≈≈≈≈≈≈≈#.#
#≈#≈<≈#≈#.#
#≈###≈#≈#.#
##≈≈≈≈≈≈#.#
#≈#######.#
##≈≈≈#..'.#
#≈##≈##.#.#


You could see a hobgoblin.

Vanquished Creatures
  2 endoplasms (D:1)
  A giant cockroach (D:1)
  A goblin (D:1)
  2 quokkas (D:1)
  2 frilled lizards (D:1)
8 creatures vanquished.

Vanquished Creatures (collateral kills)
  A gnoll (D:1)
  A bat (D:1)
  A goblin (D:1)
3 creatures vanquished.

Grand Total: 11 creatures vanquished

Notes
Turn   | Place    | Note
-------+----------+-------------------------------------------
     0 | D:1      | Ishikawa the Gnoll Hedge Wizard began the quest for the
                  | Orb.
     0 | D:1      | Reached XP level 1. HP: 13/13 MP: 8/8
   234 | D:1      | Reached XP level 2. HP: 14/19 MP: 2/10
   355 | D:1      | Learned a level 2 spell: Call Imp
   358 | D:1      | Learned a level 2 spell: Blink
   433 | D:1      | Slain by a hobgoblin

Illustrated notes

Levels and vault maps discovered:
D:1:      ncdulo_wetmaze, layout_basic, minmay_stone_trees_small

Skill      XL: |  1 |
---------------+----+-----
Conjurations   | 2 |  2.0
Summonings     | 2 |  2.0
Translocations | 2 |  2.0
Fighting       | |  0.4
Short Blades   | |  0.4
Long Blades    | |  0.4
Axes           | |  0.4
Maces & Flails | |  0.4
Polearms       | |  0.4
Staves         | |  0.4
Slings         | |  0.4
Bows           | |  0.4
Crossbows      | |  0.4
Throwing       | |  0.4
Armour         | |  0.4
Dodging        | |  4.5
Stealth        | |  4.1
Shields        | |  0.4
Unarmed Combat | |  0.4
Spellcasting   | |  7.1
Hexes          | |  0.2
Necromancy     | |  0.2
Transmutations | |  0.2
Fire Magic     | |  0.2
Ice Magic      | |  0.2
Air Magic      | |  0.2
Earth Magic    | |  0.2
Poison Magic   | |  0.2
Invocations    | |  0.5
Evocations     | |  0.4

Action                   || total
-------------------------++-------
Melee: Dagger            ||    24
       Bite              ||     4
       Staff             ||    12
 Cast: Magic Dart        ||    16
       Call Imp          ||     7
Armor: Robe              ||     7
Dodge: Dodged            ||    27
